[Event "Titled Tuesday Blitz August 16 Early 2022"]
[White "Le, Tuan Minh"]
[Black "Bortnyk, Olexandr"]
[WhiteFideId "12401153"]
[BlackFideId "14120828"]
[WhiteElo "2530"]
[BlackElo "2723"]
[Result "0-1"]
[Round "09"]
[TimeControl "180+1"]
[Date "2022.08.16"]
[WhiteClock "0:00:02"]
[BlackClock "0:00:18"]

1. d4 d6 2. e4 Nf6 3. Nc3 e5 4. Nf3 Nbd7 5. Bc4 Be7 6. O-O c6 7. a4 h6 8. Re1 Qc7 9. Ba2 Nf8 10. a5 Ng6 11. h3 O-O 12. Be3 Kh7 13. Qd2 Be6 14. d5 cxd5 15. Bxd5 Nxd5 16. Nxd5 Bxd5 17. Qxd5 a6 18. c3 Rac8 19. Rad1 Qc6 20. Rd2 Qxd5 21. Rxd5 Rc6 22. Red1 Rfc8 23. Nd2 Nf8 24. Ra1 Ne6 25. Kf1 g6 26. f3 f5 27. Ke2 Bg5 28. Bxg5 hxg5 29. g3 f4 30. g4 Kg7 31. Ra4 Nc7 32. Rd3 Nb5 33. Rb4 Kf7 34. Kf2 Ke6 35. c4 Nd4 36. Rxb7 R8c7 37. Rb8 Rc8 38. Rb7 R8c7 39. Rb4 Rc5 40. Ra4 Rb7 41. b4 Rc8 42. Rc3 Rcb8 43. c5 Rxb4 44. Rxb4 Rxb4 45. cxd6 Kxd6 46. Nc4+ Ke6 47. Nb6 Rb2+ 48. Kf1 Rb1+ 49. Kf2 Ra1 50. Nd5 Ra2+ 51. Kf1 Rxa5 52. Rc7 Ra1+ 53. Kf2 Ra2+ 54. Kf1 Nxf3 55. Rc6+ Kd7 56. Rxg6 Nd2+ 57. Ke1 Nxe4 58. Nb4 Ra3 59. Nc2 Rxh3 60. Rxa6 Rh1+ 61. Ke2 Rh2+ 62. Ke1 Rxc2 0-1


[Site "https://www.chess.com"]

[Event "Titled Tuesday Blitz August 16 Early 2022"]
[White "Lebedev, Artem S."]
[Black "Broca Jimenez, Fernando"]
[WhiteFideId "34272747"]
[BlackFideId "5104742"]
[WhiteElo "1699"]
[BlackElo "2062"]
[Result "1/2-1/2"]
[Round "09"]
[TimeControl "180+2"]
[Date "2022.08.18"]
[WhiteClock "0:00:00"]
[BlackClock "0:00:00"]

1. e4 c5 2. Nf3 g6 3. d4 cxd4 4. Nxd4 Nc6 5. c4 Nf6 6. Nc3 d6 7. f3 Nxd4 8. Qxd4 Bg7 9. Be3 O-O 10. Qd2 Be6 11. Be2 Qa5 12. Nd5 Qxd2+ 13. Kxd2 Nxd5 14. cxd5 Bd7 15. Rac1 Rfc8 16. b3 a6 17. a4 Rxc1 18. Rxc1 Rc8 19. Rxc8+ Bxc8 20. b4 Bd7 21. b5 axb5 22. Bxb5 Bc8 23. a5 Kf8 24. Kd3 e6 25. dxe6 fxe6 26. Bf4 Ke7 27. Bg5+ Kf7 28. Bf4 Ke7 29. Bg5+ Kf8 30. Bf4 Ke7 1/2-1/2


[Site "https://www.chess.com"]

[Event "Titled Tuesday Blitz August 16 Early 2022"]
[White "Legenia, Artem"]
[Black "Fernandez Hernandez, Gerardo"]
[WhiteFideId "14136945"]
[BlackFideId "2207400"]
[WhiteElo "1936"]
[BlackElo "2169"]
[Result "1-0"]
[Round "09"]
[TimeControl "180+2"]
[Date "2022.08.18"]
[WhiteClock "0:00:00"]
[BlackClock "0:00:00"]

1. Nf3 Nf6 2. d4 g6 3. Bf4 Bg7 4. c3 O-O 5. h3 d6 6. e3 Nfd7 7. Nbd2 e5 8. Bh2 Nc6 9. Bd3 f5 10. O-O Kh8 11. Bb5 g5 12. dxe5 Ncxe5 13. Bxd7 Bxd7 14. Nxe5 dxe5 15. Qe2 Qe7 16. e4 f4 17. f3 h5 18. Kf2 g4 19. Ke1 gxh3 20. gxh3 Rad8 21. Kd1 Bxh3 22. Rg1 Rd7 23. Kc2 Rfd8 24. Rad1 Be6 25. Rg6 Qf7 26. Qg2 Bxa2 27. Qg5 Bb3+ 28. Nxb3 Rxd1 29. Qxh5+ Kg8 30. Qg5 R1d6 31. Rxd6 Rxd6 32. Bg1 Rg6 33. Qd8+ Qf8 34. Qd1 Qf7 35. Nc5 Rg2+ 36. Kb1 b6 37. Qd8+ Kh7 38. Qh4+ Bh6 39. Bf2 Rxf2 40. Qxf2 bxc5 41. Qxc5 Qg7 42. Qxa7 Bg5 43. Qb7 Qe7 44. b4 Bh6 45. Kb2 Bf8 46. Kb3 Qd6 47. Qc8 Be7 48. Qh3+ Kg7 49. Qg4+ Kh7 50. Qh5+ Kg7 51. Qf5 1-0


[Site "https://www.chess.com"]

[Event "Titled Tuesday Blitz August 16 Early 2022"]
[White "Lehtosaari, Mauri"]
[Black "Shukhman, Anna"]
[WhiteFideId "501999"]
[BlackFideId "54180058"]
[WhiteElo "2200"]
[BlackElo "1726"]
[Result "1/2-1/2"]
[Round "09"]
[TimeControl "180+2"]
[Date "2022.08.18"]
[WhiteClock "0:00:00"]
[BlackClock "0:00:00"]

1. d4 Nf6 2. Nf3 g6 3. Bg5 Bg7 4. Nbd2 d5 5. e3 O-O 6. Be2 c5 7. O-O Nc6 8. c3 cxd4 9. exd4 h6 10. Bh4 g5 11. Bg3 Ne4 12. Re1 Nxg3 13. hxg3 e5 14. dxe5 Nxe5 15. Nxe5 Bxe5 16. Nf3 Bg7 17. Qd2 Be6 18. Rad1 Qf6 19. Nd4 Rad8 20. Bf3 Rfe8 21. Qd3 a6 22. Re3 b5 23. a3 Re7 24. Nc6 Red7 25. Nxd8 Qxd8 26. Qe2 d4 27. Rxe6 fxe6 28. Qxe6+ Kh8 29. Be4 Re7 30. Qg6 Kg8 31. cxd4 Qe8 32. Qxe8+ Rxe8 33. f3 Rd8 34. d5 Bxb2 35. Rd3 a5 36. Rb3 Bd4+ 37. Kf1 Rb8 38. Ke2 b4 39. axb4 axb4 40. Kd3 Bc3 41. Kc4 Kf7 42. Kc5 Rc8+ 43. Kd6 Ra8 44. Kc6 Ra6+ 45. Kb7 Rd6 46. Kc7 Ra6 47. Rb1 Ke7 48. f4 gxf4 49. gxf4 Ra7+ 50. Kb6 Ra2 51. f5 Kd6 52. f6 Bxf6 53. Rxb4 Rb2 54. Rb5 Rxb5+ 55. Kxb5 Bg5 56. Kc4 Bc1 57. Kd3 Bg5 58. Ke2 Bc1 59. Kf3 Bg5 60. Kg4 Bc1 61. Kh5 Bd2 62. Kg4 Bc1 63. Kh5 Bd2 64. Kg4 Bc1 1/2-1/2


[Site "https://www.chess.com"]

[Event "Titled Tuesday Blitz August 16 Early 2022"]
[White "Leschinsky, Gary"]
[Black "Vlassov, Nikolai"]
[WhiteFideId "30951321"]
[BlackFideId "4103360"]
[WhiteElo "1809"]
[BlackElo "2324"]
[Result "1-0"]
[Round "09"]
[TimeControl "180+1"]
[Date "2022.08.16"]
[WhiteClock "0:00:09"]
[BlackClock "0:00:16"]

1. c4 f5 2. g3 e5 3. Bg2 Nf6 4. d4 exd4 5. Qxd4 Nc6 6. Qd1 Bc5 7. Nf3 O-O 8. O-O d6 9. a3 a5 10. Nc3 h6 11. Rb1 Be6 12. b3 Qe8 13. Ne1 Qh5 14. Nc2 Rae8 15. h3 Ne4 16. Nxe4 fxe4 17. g4 Bxg4 18. hxg4 Qxg4 19. Be3 Rf5 20. Bxc5 Rxc5 21. Ne3 Qh4 22. Nd5 Ne5 23. Qd2 c6 24. Qf4 Ng4 25. b4 axb4 26. axb4 Rxc4 27. Ne3 Rf8 28. Qxg4 Qxg4 29. Nxg4 d5 30. Rfd1 Rc2 31. Kf1 Ra2 32. Ne3 h5 33. b5 g5 34. bxc6 bxc6 35. Rb6 g4 36. Rxc6 g3 37. Rg6+ Kh7 38. Rxg3 h4 39. Rg4 Ra3 40. Nxd5 e3 41. Rxh4+ Kg6 42. Bf3 exf2 43. Kxf2 Rb8 44. Rg4+ Kf5 45. Ne3+ Ke5 46. Re4+ Kf6 47. Rd6+ Kf7 48. Bh5+ Kg7 49. Re7+ Kf8 50. Rf7+ Kg8 51. Rdd7 Rf8 52. Rxf8+ Kxf8 53. Rf7+ Kg8 54. Ng4 Ra5 55. Nf6+ Kh8 56. Rh7# 1-0


[Site "https://www.chess.com"]

[Event "Titled Tuesday Blitz August 16 Early 2022"]
[White "Malyi, Viacheslav"]
[Black "Orlov, Georgi"]
[WhiteFideId "14123983"]
[BlackFideId "2011271"]
[WhiteElo "2190"]
[BlackElo "2461"]
[Result "0-1"]
[Round "09"]
[TimeControl "180+2"]
[Date "2022.08.18"]
[WhiteClock "0:00:00"]
[BlackClock "0:00:00"]

1. e4 e6 2. d4 b6 3. Nc3 Bb7 4. f4 Bb4 5. Bd3 f5 6. Qe2 fxe4 7. Bxe4 Bxe4 8. Qxe4 Nc6 9. Nf3 Nf6 10. Qd3 O-O 11. O-O Bxc3 12. bxc3 d6 13. a4 Qd7 14. c4 Rae8 15. Bd2 Ne7 16. a5 Ng6 17. axb6 axb6 18. d5 exd5 19. cxd5 Ne4 20. Nd4 Nc5 21. Qb5 Qf7 22. c4 Re4 23. f5 Ne5 24. Ne6 Rc8 25. Rac1 Ned3 26. Rcd1 Re2 27. Bc3 Qh5 28. Bxg7 Qg4 29. g3 Qh3 30. Nf4 Nxf4 31. Rf2 Rxf2 32. Kxf2 Qg2+ 33. Ke3 Qe4+ 34. Kf2 Qe2+ 0-1


[Site "https://www.chess.com"]

[Event "Titled Tuesday Blitz August 16 Early 2022"]
[White "Manukian, Artak"]
[Black "Barria Zuniga, Daniel"]
[WhiteFideId "13301373"]
[BlackFideId "3400816"]
[WhiteElo "2196"]
[BlackElo "2414"]
[Result "0-1"]
[Round "09"]
[TimeControl "180+2"]
[Date "2022.08.18"]
[WhiteClock "0:00:00"]
[BlackClock "0:00:00"]

1. e4 g6 2. d4 Bg7 3. c4 c5 4. d5 d6 5. Nc3 e6 6. Bd3 exd5 7. exd5 Nh6 8. Nf3 O-O 9. O-O Bg4 10. h3 Bxf3 11. Qxf3 Nd7 12. Bf4 Ne5 13. Bxe5 Bxe5 14. Rfe1 f5 15. Re2 a6 16. Rae1 Qh4 17. Rxe5 dxe5 18. Rxe5 Nf7 19. Re6 Ng5 20. Qe3 Nxe6 21. Qxe6+ Rf7 22. d6 Qf6 23. Qd5 Rd8 24. Qxc5 Qxd6 25. Qxd6 Rxd6 26. Nd5 Rfd7 0-1


[Site "https://www.chess.com"]

[Event "Titled Tuesday Blitz August 16 Early 2022"]
[White "Martinez, Shawn"]
[Black "Garrido, Denis"]
[WhiteFideId "2039770"]
[BlackFideId "601217"]
[WhiteElo "2174"]
[BlackElo "2205"]
[Result "0-1"]
[Round "09"]
[TimeControl "180+2"]
[Date "2022.08.18"]
[WhiteClock "0:00:00"]
[BlackClock "0:00:00"]

1. e4 c6 2. d4 d5 3. exd5 cxd5 4. Nf3 Nc6 5. Ne5 e6 6. c3 Bd6 7. Nxc6 bxc6 8. Bd3 Qc7 9. h3 Ne7 10. Nd2 O-O 11. Nf3 f6 12. Qc2 e5 13. Bxh7+ Kh8 14. dxe5 fxe5 15. Ng5 e4 16. Qe2 g6 17. Be3 Bf4 18. h4 Kg7 19. O-O-O Nf5 20. h5 Nxe3 21. fxe3 Bxg5 22. hxg6 Qg3 23. Kb1 Bg4 24. Qd2 Bxd1 25. Qxd1 Qxe3 26. Ka1 Qd3 27. Qh5 Rf1+ 0-1


[Site "https://www.chess.com"]

[Event "Titled Tuesday Blitz August 16 Early 2022"]
[White "McBryde, Lamel"]
[Black "Grot, Blazej"]
[WhiteFideId "2058596"]
[BlackFideId "21835845"]
[WhiteElo "2136"]
[BlackElo "1614"]
[Result "1-0"]
[Round "09"]
[TimeControl "180+2"]
[Date "2022.08.18"]
[WhiteClock "0:00:00"]
[BlackClock "0:00:00"]

1. Nf3 Nf6 2. b3 e6 3. Bb2 d5 4. d4 c6 5. e3 Nbd7 6. Bd3 Bd6 7. Nbd2 Qe7 8. Ne5 O-O 9. a3 c5 10. f4 Ne8 11. O-O f6 12. Bxh7+ Kxh7 13. Qh5+ Kg8 14. Ng6 Qd8 15. Rf3 f5 16. Rg3 Ndf6 17. Qh8+ Kf7 18. Nxf8 Bxf8 19. Nf3 Nd7 20. Ng5+ Ke7 21. Qg8 Ndf6 22. Qf7+ Kd6 23. dxc5+ Kxc5 24. Qxf8+ Qd6 25. Qh8 Bd7 26. Nf7 Qe7 27. Ne5 Kb6 28. c4 Ne4 29. Rf3 Kc7 30. cxd5 exd5 31. Rc1+ Bc6 32. b4 a6 33. Qg8 Rd8 34. Rff1 N8f6 35. Qf7 Qxf7 36. Nxf7 Re8 37. Be5+ Kc8 38. a4 Kd7 39. b5 axb5 40. axb5 Bxb5 41. Rc7+ Ke6 42. Rb1 Bc6 43. Rb6 Re7 44. Rbxc6+ bxc6 45. Rxc6+ Kxf7 46. Rb6 1-0


[Site "https://www.chess.com"]

[Event "Titled Tuesday Blitz August 16 Early 2022"]
[White "Melikyan, Gnel"]
[Black "Adewumi, Tanitoluwa"]
[WhiteFideId "54109990"]
[BlackFideId "30966396"]
[WhiteElo "1772"]
[BlackElo "2302"]
[Result "1/2-1/2"]
[Round "09"]
[TimeControl "180+2"]
[Date "2022.08.18"]
[WhiteClock "0:00:00"]
[BlackClock "0:00:00"]

1. e4 c5 2. Nf3 e6 3. d4 cxd4 4. Nxd4 Nc6 5. Nc3 Qc7 6. Be3 a6 7. a3 Nf6 8. Be2 Be7 9. O-O d6 10. f4 O-O 11. Kh1 Nxd4 12. Bxd4 b5 13. e5 dxe5 14. fxe5 Nd7 15. Bd3 Bb7 16. Qh5 g6 17. Qe2 Bc5 18. Bxc5 Qxc5 19. Rae1 Rad8 20. Be4 Bxe4 21. Nxe4 Qxe5 22. Nf6+ Qxf6 23. Rxf6 Nxf6 24. Rd1 Nd5 25. h3 Rc8 26. c3 Rc4 27. Qe5 Rfc8 28. Qd6 R4c6 29. Qe5 Rc4 30. Rf1 R8c7 31. Kh2 R4c6 32. h4 h5 33. Kh3 Kh7 34. Rf3 Rc4 35. Qd6 a5 36. Qf8 Rf4 37. Rxf4 Nxf4+ 38. Kg3 Nd5 39. Kf3 b4 40. cxb4 axb4 41. axb4 Rb7 42. b5 Nb6 43. b3 Nd5 44. Ke4 Nf6+ 45. Kd4 e5+ 46. Kc4 Rc7+ 47. Kb4 Nd5+ 48. Ka3 Rb7 49. Qd8 Rxb5 50. Qd7 Ra5+ 51. Kb2 Kg7 52. b4 Nxb4 53. Qc7 Rb5 54. Qd7 Rb6 55. Kc3 Nc6 56. Qc7 Rb1 57. Kc2 Rg1 58. Qxc6 Rh1 59. g3 Rh2+ 60. Kd3 Ra2 61. Qd5 Ra3+ 62. Ke4 Ra4+ 63. Kxe5 Rg4 64. Qf3 Rc4 65. Kd5 Ra4 66. Kd6 Rg4 67. Ke7 Ra4 68. Qxf7+ Kh6 69. Qf8+ Kh7 70. Qf7+ Kh6 71. Kf8 Ra8+ 72. Ke7 Ra7+ 73. Kf6 Rxf7+ 74. Kxf7 Kh7 75. Ke6 Kg7 76. Ke7 Kg8 77. Kf6 Kh7 78. Kf7 Kh6 79. Kg8 g5 80. Kf7 gxh4 81. gxh4 Kh7 82. Kf6 Kh6 83. Kf5 Kg7 84. Kg5 Kh7 85. Kxh5 Kh8 86. Kg5 Kg8 87. h5 Kh8 88. Kg6 Kg8 89. h6 Kh8 90. h7 1/2-1/2


[Site "https://www.chess.com"]

[Event "Titled Tuesday Blitz August 16 Early 2022"]
[White "Mendez Fortes, Eduardo Jesus"]
[Black "Leiva, Gianmarco"]
[WhiteFideId "3502376"]
[BlackFideId "3804399"]
[WhiteElo "2307"]
[BlackElo "2323"]
[Result "0-1"]
[Round "09"]
[TimeControl "180+1"]
[Date "2022.08.16"]
[WhiteClock "0:00:02"]
[BlackClock "0:00:06"]

1. e4 c5 2. Nf3 d6 3. d4 cxd4 4. Nxd4 Nf6 5. Nc3 a6 6. Bg5 e6 7. f4 Be7 8. Qf3 Qc7 9. O-O-O Nbd7 10. g4 h6 11. Bxf6 Bxf6 12. Kb1 Nb6 13. h4 Bd7 14. g5 Bxd4 15. Rxd4 O-O-O 16. Rd2 Kb8 17. Rg1 hxg5 18. hxg5 Qc5 19. Qg3 Bc6 20. Bd3 Ka7 21. Rgd1 Rc8 22. f5 d5 23. exd5 exd5 24. Qf4 Rhe8 25. Ne2 Nc4 26. Bxc4 dxc4 27. Nc3 Re5 28. Rf2 Rce8 29. a3 b5 30. Rff1 f6 31. gxf6 gxf6 32. Qg4 R5e7 33. Qh4 Rf8 34. Qh6 Rb7 35. Na2 c3 36. b4 Qb6 37. Qh3 Be4 38. Nxc3 Bc6 39. Nd5 Bxd5 40. Rxd5 Rc7 41. Rfd1 Rfc8 42. Rd6 Qf2 43. R6d2 Qf4 44. Qd3 Qe5 45. Qd4+ Qxd4 46. Rxd4 Rxc2 47. Rd7+ Ka8 48. R7d6 R2c6 49. Rd7 Kb8 50. R1d2 Rc1+ 51. Kb2 R1c6 52. Re7 R8c7 53. Re8+ Kb7 54. Ree2 Rc3 55. Rf2 Re3 56. Rc2 Rxc2+ 57. Rxc2 Re5 58. Rf2 Kc6 59. Kc3 Kd5 60. Rd2+ Kc6 61. Rf2 Re3+ 62. Kb2 Kd5 0-1


[Site "https://www.chess.com"]

[Event "Titled Tuesday Blitz August 16 Early 2022"]
[White "Mika, Tomasz"]
[Black "Taspinar, Yanki"]
[WhiteFideId "1132970"]
[BlackFideId "34561188"]
[WhiteElo "2126"]
[BlackElo "1549"]
[Result "0-1"]
[Round "09"]
[TimeControl "180+2"]
[Date "2022.08.18"]
[WhiteClock "0:00:00"]
[BlackClock "0:00:00"]

1. c4 g6 2. g3 c5 3. Bg2 Bg7 4. Nf3 Nf6 5. O-O O-O 6. Nc3 Nc6 7. b3 d5 8. cxd5 Nxd5 9. Bb2 h6 10. Rc1 Be6 11. Qc2 b6 12. Rfd1 Rc8 13. Nxd5 Qxd5 14. Bxg7 Kxg7 15. Qb2+ Kg8 16. d4 Qh5 17. dxc5 bxc5 18. Qa3 Nd4 19. Nxd4 cxd4 20. Rxc8 Rxc8 21. Bf3 Bg4 22. Rd3 e5 23. Kg2 Bh3+ 24. Kg1 Qg5 25. Rd1 Bg4 26. Qxa7 Bxf3 27. exf3 Qf5 28. Qb7 Rc2 29. Qe4 Qxe4 30. fxe4 Rxa2 31. Rb1 d3 32. Kf1 Kf8 33. b4 Ke7 34. b5 Rc2 35. b6 d2 36. Ke2 Rc1 37. Kxd2 Rxb1 38. b7 Rxb7 39. Ke3 Rd7 0-1


[Site "https://www.chess.com"]

[Event "Titled Tuesday Blitz August 16 Early 2022"]
[White "Miszler, Levente"]
[Black "Fernandez Siles, Luis"]
[WhiteFideId "763276"]
[BlackFideId "2209420"]
[WhiteElo "1966"]
[BlackElo "2211"]
[Result "1/2-1/2"]
[Round "09"]
[TimeControl "180+2"]
[Date "2022.08.18"]
[WhiteClock "0:00:00"]
[BlackClock "0:00:00"]

1. Nf3 Nf6 2. c4 g6 3. g3 Bg7 4. Bg2 O-O 5. O-O d6 6. Nc3 Nc6 7. d3 Nh5 8. Rb1 a5 9. a3 f5 10. Qc2 f4 11. b4 axb4 12. axb4 Bg4 13. e3 fxg3 14. fxg3 Qd7 15. b5 Ne5 16. Nxe5 Bxe5 17. Bb2 c6 18. bxc6 bxc6 19. Ne4 Bxb2 20. Qxb2 Bh3 21. Ng5 Bxg2 22. Kxg2 h6 23. Nf3 Qe6 24. Rbe1 Rab8 25. Qd4 c5 26. Qd5 Qxd5 27. cxd5 Nf6 28. e4 Rb2+ 29. Rf2 Rfb8 30. Ree2 R2b3 31. Ne1 Nd7 32. Rd2 Ne5 33. d4 cxd4 34. Rxd4 Rb1 35. Nf3 R8b4 36. Rxb4 Rxb4 37. Nxe5 dxe5 38. Kf3 Rb3+ 39. Ke2 Rb2+ 40. Ke3 Rb3+ 41. Ke2 Kg7 42. Kd2 h5 43. Ke2 Rb2+ 44. Ke3 Rb3+ 45. Ke2 Rb4 46. Ke3 Rb3+ 47. Ke2 1/2-1/2


[Site "https://www.chess.com"]

[Event "Titled Tuesday Blitz August 16 Early 2022"]
[White "Nakamura, Hikaru"]
[Black "Babazada, Khazar"]
[WhiteFideId "2016192"]
[BlackFideId "13413554"]
[WhiteElo "2850"]
[BlackElo "2409"]
[Result "1-0"]
[Round "09"]
[TimeControl "180+1"]
[Date "2022.08.16"]
[WhiteClock "0:00:04"]
[BlackClock "0:00:08"]

1. g3 g6 2. Bg2 Bg7 3. d3 Nf6 4. Nc3 d5 5. Bd2 h5 6. h3 O-O 7. Qc1 Nc6 8. Bh6 Qd6 9. g4 hxg4 10. hxg4 Nxg4 11. Bxg7 Kxg7 12. Nxd5 Be6 13. Qf4 Bxd5 14. Qxd6 cxd6 15. Bxd5 Rh8 16. c3 Rxh1 17. Bxh1 Rh8 18. Bg2 e6 19. b4 d5 20. Nf3 Nge5 21. Nd2 d4 22. Rc1 dxc3 23. Rxc3 Nxb4 24. Rb3 Rc8 25. f4 Nc2+ 26. Kf2 Ng4+ 27. Kg3 Nf6 28. Rxb7 Nd4 29. Bf3 Rc2 30. Nc4 Nxe2+ 31. Bxe2 Rxe2 32. Ne5 Nh5+ 33. Kf3 Rxa2 34. Rxf7+ Kg8 35. Rb7 Ra3 36. Kg4 Ra4 37. Nxg6 e5 38. Kxh5 1-0


[Site "https://www.chess.com"]

[Event "Titled Tuesday Blitz August 16 Early 2022"]
[White "Namitbir Singh Walia"]
[Black "Sovetbekova, Nurai"]
[WhiteFideId "35071068"]
[BlackFideId "13801910"]
[WhiteElo "1664"]
[BlackElo "1646"]
[Result "1-0"]
[Round "09"]
[TimeControl "180+2"]
[Date "2022.08.18"]
[WhiteClock "0:00:00"]
[BlackClock "0:00:00"]

1. e4 c5 2. d4 cxd4 3. c3 Nf6 4. e5 Nd5 5. cxd4 d6 6. Nf3 Nc6 7. Nc3 Nxc3 8. bxc3 dxe5 9. d5 Nb8 10. Nxe5 Nd7 11. Bb5 a6 12. Ba4 Qa5 13. Nxd7 Bxd7 14. Bxd7+ Kxd7 15. O-O g6 16. Qf3 f5 17. d6 exd6 18. Qxb7+ Ke6 19. Re1+ Kf6 20. Qxa8 Qxc3 21. Qd8+ Kf7 22. Qe8+ Kg7 23. Rb1 d5 24. Rb7+ Kf6 25. Rf7# 1-0


[Site "https://www.chess.com"]

[Event "Titled Tuesday Blitz August 16 Early 2022"]
[White "Navarrete Mendez, Gonzalo Alberto"]
[Black "Mouhamad, Joachim"]
[WhiteFideId "5106850"]
[BlackFideId "656410"]
[WhiteElo "2261"]
[BlackElo "2147"]
[Result "1-0"]
[Round "09"]
[TimeControl "180+2"]
[Date "2022.08.18"]
[WhiteClock "0:00:00"]
[BlackClock "0:00:00"]

1. e4 c6 2. Nc3 d5 3. Nf3 dxe4 4. Nxe4 Nf6 5. Qe2 Nxe4 6. Qxe4 Nd7 7. Bc4 Nf6 8. Ne5 e6 9. Qe2 Be7 10. c3 c5 11. O-O O-O 12. d3 a6 13. Bb3 Qc7 14. d4 b6 15. Bg5 Bb7 16. Rae1 cxd4 17. cxd4 Bd5 18. Rc1 Qd6 19. Bf4 Qb4 20. Bg5 Bxb3 21. axb3 Nd5 22. Nc6 Qd6 23. Be3 Bf6 24. h3 Rfc8 25. Ne5 Bxe5 26. dxe5 Qxe5 27. Rxc8+ Rxc8 28. Qxa6 Rd8 29. Re1 Nxe3 30. fxe3 Qc5 31. Re2 g6 32. Qa4 Rd1+ 33. Kf2 Rd3 34. Qc4 Qf5+ 35. Ke1 Kg7 36. e4 Qc5 37. Qxd3 Qg1+ 38. Kd2 Qc5 39. Qc3+ 1-0


[Site "https://www.chess.com"]

[Event "Titled Tuesday Blitz August 16 Early 2022"]
[White "Novikova, Galina"]
[Black "Estrada Nieto, Julian"]
[WhiteFideId "4157095"]
[BlackFideId "5101018"]
[WhiteElo "1923"]
[BlackElo "2252"]
[Result "0-1"]
[Round "09"]
[TimeControl "180+2"]
[Date "2022.08.18"]
[WhiteClock "0:00:00"]
[BlackClock "0:00:00"]

1. e4 e5 2. Nf3 Nc6 3. d4 exd4 4. Nxd4 Nf6 5. Nxc6 bxc6 6. Qe2 Qe7 7. Nc3 g6 8. Bg5 h6 9. Bh4 d6 10. O-O-O Bg7 11. f4 g5 12. fxg5 Ng4 13. Qc4 Ne5 14. Qa4 hxg5 15. Bg3 Bd7 16. Ba6 O-O 17. h4 g4 18. h5 Bh6+ 19. Kb1 Rab8 20. Qd4 Rb6 21. Be2 Re8 22. b3 Qg5 23. Rhf1 Qe3 24. Qxe3 Bxe3 25. Bf4 Bxf4 26. Rxf4 Kg7 27. Rdf1 Rh8 28. Rh1 Rbb8 29. Nd1 Rbf8 30. Ne3 Kh6 31. Nxg4+ Kg5 32. Rf2 Bxg4 33. Bxg4 Nxg4 34. Rf5+ Kh6 35. Rf4 Rhg8 36. Rhf1 Ne5 37. Rf6+ Kh7 38. R6f5 Rxg2 39. a4 Rfg8 40. a5 Rg1 41. Kb2 Rxf1 42. Rxf1 Rg4 43. Re1 Kh6 44. b4 Kxh5 45. Ka3 Rg3+ 46. Kb2 Kg5 47. Rf1 Re3 48. Rh1 Rxe4 49. Rh8 Rxb4+ 50. Kc3 Rb5 51. Rg8+ Kf6 52. a6 Ra5 53. Rc8 Rxa6 54. Rxc7 Ra5 55. Kd2 a6 56. c3 Rc5 57. Ke3 a5 58. Kd4 Ke6 59. Ra7 Rc4+ 60. Ke3 a4 61. Kd2 f5 62. Ke3 Kd5 63. Kd2 c5 64. Ra5 f4 65. Ra8 Re4 66. Rf8 Nc4+ 67. Kc2 a3 68. Kb3 Re1 69. Rf5+ Ne5 70. Rxf4 c4+ 71. Kxa3 Re3 72. Rf8 Rxc3+ 73. Kb2 Rd3 74. Kc2 Kd4 75. Rh8 d5 76. Rh4+ Kc5 77. Rh8 Nc6 78. Rc8 Kb5 79. Rh8 Nd4+ 80. Kc1 Rg3 81. Rb8+ Kc5 82. Rc8+ Kb4 83. Kd2 Nb5 84. Rb8 c3+ 85. Kc1 d4 86. Kc2 Rg2+ 87. Kb1 Kc4 88. Rc8+ Kb3 89. Rxc3+ Nxc3+ 90. Ka1 Ra2# 0-1


[Site "https://www.chess.com"]

[Event "Titled Tuesday Blitz August 16 Early 2022"]
[White "O`Gorman, Tom"]
[Black "Koridze, Lile"]
[WhiteFideId "2508249"]
[BlackFideId "13612514"]
[WhiteElo "2270"]
[BlackElo "2050"]
[Result "0-1"]
[Round "09"]
[TimeControl "180+2"]
[Date "2022.08.18"]
[WhiteClock "0:00:00"]
[BlackClock "0:00:00"]

1. Nf3 d5 2. g3 Nf6 3. Bg2 b5 4. O-O Bb7 5. d4 e6 6. a4 a6 7. b3 Bd6 8. Bb2 O-O 9. Ne5 c5 10. e3 Nc6 11. c4 bxc4 12. bxc4 cxd4 13. exd4 Rc8 14. cxd5 Nxd5 15. Nd2 Nxe5 16. dxe5 Bc5 17. Ne4 Ba7 18. Qg4 Kh8 19. Rab1 Bc6 20. h4 Bxa4 21. Ng5 Bc2 22. Rbc1 Bf5 23. Qa4 Rxc1 24. Rxc1 Qb6 25. Ba3 Qxf2+ 26. Kh1 Ne3 27. Bb7 Ng4 28. Nf3 Qxg3 29. Bc5 Bxc5 30. Rxc5 Nf2# 0-1


[Site "https://www.chess.com"]

[Event "Titled Tuesday Blitz August 16 Early 2022"]
[White "Petrovic, Aleksa"]
[Black "Skliarov, Viktor"]
[WhiteFideId "967629"]
[BlackFideId "14106736"]
[WhiteElo "2262"]
[BlackElo "2257"]
[Result "0-1"]
[Round "09"]
[TimeControl "180+2"]
[Date "2022.08.18"]
[WhiteClock "0:00:00"]
[BlackClock "0:00:00"]

1. d4 Nf6 2. c4 e6 3. Nf3 b6 4. g3 Bb7 5. Bg2 Be7 6. O-O O-O 7. Re1 Na6 8. Nc3 Ne4 9. Ne5 Nxc3 10. bxc3 Bxg2 11. Kxg2 d6 12. Nf3 c5 13. e4 Qc7 14. d5 e5 15. h4 f5 16. Ng5 Bxg5 17. hxg5 f4 18. Qg4 f3+ 19. Kh2 Qc8 20. Qxc8 Raxc8 21. a4 Nc7 22. Be3 Kf7 23. Reb1 Rb8 24. Ra2 Rb7 25. a5 b5 26. cxb5 Rxb5 27. Rxb5 Nxb5 28. c4 Nd4 29. Rb2 Kg6 30. Rb7 Rf7 31. a6 Nc2 32. Bxc5 dxc5 33. d6 Nb4 34. d7 Nc6 35. Rc7 Nd8 36. Rxa7 Kxg5 37. Rc7 Rf6 38. a7 Rh6+ 39. Kg1 Ra6 40. Rc8 Rxa7 41. Rxd8 Kg4 42. Kh2 g5 43. Re8 Rxd7 44. Rxe5 Rd2 45. Rxc5 Rxf2+ 46. Kg1 Rg2+ 47. Kf1 Re2 48. Re5 h6 0-1


[Site "https://www.chess.com"]

[Event "Titled Tuesday Blitz August 16 Early 2022"]
[White "Pinheiro, Iung Alicio de O."]
[Black "Padmini, Rout"]
[WhiteFideId "2104350"]
[BlackFideId "5029295"]
[WhiteElo "2283"]
[BlackElo "2181"]
[Result "1-0"]
[Round "09"]
[TimeControl "180+2"]
[Date "2022.08.18"]
[WhiteClock "0:00:00"]
[BlackClock "0:00:00"]

1. e4 c5 2. Nf3 Nc6 3. c3 d5 4. exd5 Qxd5 5. d4 g6 6. Be3 Bg7 7. dxc5 Qxd1+ 8. Kxd1 Nf6 9. Bb5 Ng4 10. Re1 Nxe3+ 11. Rxe3 Bd7 12. Nbd2 O-O 13. Bxc6 Bxc6 14. Rxe7 Rfd8 15. Kc2 Bf8 16. Re5 f6 17. Re2 Bxc5 18. Rae1 Kf7 19. Nb3 Bxf3 20. gxf3 Bd6 21. h3 Rd7 22. Re4 Rad8 23. Rh4 h5 24. Rd4 Be5 25. Ra4 b6 26. f4 Bb8 27. Rae4 f5 28. Rc4 Rc7 29. Rd4 Rxd4 30. Nxd4 Rd7 31. Ne2 Re7 32. Kd2 Bd6 33. b4 Re4 34. f3 Bxf4+ 35. Kd1 Rc4 36. Kc2 Be5 37. f4 Bf6 38. Kd3 Re4 39. Rc1 Bh4 40. Rf1 Bd8 41. c4 Bc7 42. a3 Kf6 43. Nc3 Rxf4 44. Nd5+ Kg5 45. Rg1+ Kh4 46. Nxf4 Bxf4 47. Rxg6 Kxh3 48. Ke2 h4 49. Kf3 Bg3 50. c5 bxc5 51. bxc5 Kh2 52. c6 Kg1 53. Rxg3+ hxg3 54. Kxg3 1-0


[Site "https://www.chess.com"]

[Event "Titled Tuesday Blitz August 16 Early 2022"]
[White "Przybylski, Wojciech"]
[Black "Gabdrakhmanov, Azat"]
[WhiteFideId "1117599"]
[BlackFideId "34189197"]
[WhiteElo "2133"]
[BlackElo "2293"]
[Result "1-0"]
[Round "09"]
[TimeControl "180+1"]
[Date "2022.08.16"]
[WhiteClock "0:01:21"]
[BlackClock "0:01:41"]

1. e4 c5 2. Nf3 e6 3. b3 d6 4. d4 cxd4 5. Nxd4 Nf6 6. Nd2 Be7 7. Bb2 Nc6 8. Nxc6 bxc6 9. Bd3 e5 10. Qe2 O-O 11. O-O Bg4 12. f3 Be6 13. Rad1 Nh5 14. g3 Nf6 15. c4 Qc7 16. Nb1 Rfe8 17. Nc3 Nd7 18. Bb1 Bh3 19. Rfe1 Be6 20. Rd2 Nc5 21. f4 exf4 22. gxf4 Bh4 23. Red1 Rad8 24. Qh5 Bf6 25. Rg2 Qe7 26. e5 dxe5 27. Qxh7+ Kf8 28. Qh8# 1-0


[Site "https://www.chess.com"]